 Dungeon Crawl Stone Soup version 0.25-a0-167-g836c352ace (webtiles) character file.

Game seed: 7135850041185724848, levelgen mode: deterministic

9953 Arum the Fighter (level 11, -4/93 HPs)
             Began as a Formicid Fighter on Nov 25, 2019.
             Was a High Priest of the Shining One.
             Killed from afar by Fannar (36 damage)
             ... with a bolt of cold
             ... on level 11 of the Dungeon.
             The game lasted 00:17:53 (10354 turns).

Arum the Fighter (Formicid Fighter)                Turns: 10354, Time: 00:17:54

Health: -4/93      AC: 21    Str: 18 (20) XL:     11   Next: 84%
Magic:  11/11      EV:  7    Int:  6 (9)  God:    the Shining One [*****.]
Gold:   677        SH:  0    Dex: 11 (13) Spells: 10/10 levels left

rFire    . . .     SeeInvis +   a - +0 quarterstaff
rCold    x . .     Gourm    .   c - +0 shield
rNeg     + + .     Faith    .   D - +8 chain mail "Zeethul" {rElec rPois rC-}
rPois    +         Spirit   .   (helmet unavailable)
rElec    +         Reflect  .   (no cloak)
rCorr    .         Harm     .   (no gloves)
MR       +....                  m - +1 pair of boots
Stlth    ..........             (no amulet)
HPRegen  0.25/turn              (no ring)
MPRegen  0.12/turn              (no ring)

@: confused, divine shield, glowing
A: permanent stasis, dig shafts and tunnels, four strong arms, antennae 3
a: Dig, Shaft Self, Divine Shield, Cleansing Flame, Summon Divine Warrior,
Renounce Religion


You were on level 11 of the Dungeon.
You worshipped the Shining One.
The Shining One was extremely pleased with you.
You were near starving.

You visited 1 branch of the dungeon, and saw 11 of its levels.
You also visited: Ossuary.

You collected 677 gold pieces.

Inventory:

Hand Weapons
 a - a +0 quarterstaff (weapon)
 G - a +0 falchion of flaming
Armour
 b - a +0 scale mail
 c - a +0 shield (worn)
 m - a +1 pair of boots (worn)
 D - the +8 chain mail "Zeethul" (worn) {rElec rPois rC-}
   (You found it on level 4 of the Dungeon)

   It makes you vulnerable to cold.
   It insulates you from electricity.
   It protects you from poison.
 I - +3 gold dragon scales
Jewellery
 r - an uncursed ring of protection from cold {unknown}
Wands
 u - a wand of flame (13)
 y - a wand of digging (8)
 E - a wand of scattershot (6)
 J - a wand of polymorph (8)
 K - a wand of enslavement (18)
Scrolls
 e - 12 scrolls of identify
 g - 2 scrolls of blinking {unknown}
 i - 2 scrolls of immolation {unknown}
 p - 6 scrolls of remove curse
 q - 2 scrolls of amnesia {unknown}
 z - 2 scrolls of fog {unknown}
 A - 2 scrolls of teleportation {unknown}
 B - a scroll of magic mapping {unknown}
 L - a scroll of fear {unknown}
 M - a scroll of enchant weapon {unknown}
Potions
 d - 9 potions of might
 h - 3 potions of brilliance {unknown}
 j - 6 potions of heal wounds
 k - 5 potions of ambrosia
 l - 7 potions of haste
 n - a potion of resistance {unknown}
 o - 2 potions of cancellation {unknown}
 s - a potion of invisibility {unknown}
 t - 4 potions of degeneration
 v - 2 potions of magic {unknown}
 w - a potion of agility {unknown}
 x - 2 potions of lignification {unknown}
 F - a potion of mutation {unknown}
 H - 2 potions of curing {unknown}
Comestibles
 f - 21 rations
 C - 19 chunks of flesh


   Skills:
 + Level 11.5 Fighting
 + Level 10.4 Staves
 + Level 8.3 Armour
 - Level 10.0 Shields


You had 10 spell levels left.
You didn't know any spells.
Your spell library contained the following spells:

 Spells                   Type           Power        Failure   Level  Hunger
 Corona                   Hex            #......      99%         1    ##.....
 Magic Dart               Conj           #...         99%         1    ##.....
 Call Imp                 Summ           #.......     100%        2    ###....
 Ensorcelled Hibernation  Hex/Ice        #.....       100%        2    ###....
 Slow                     Hex            #.......     100%        2    ###....
 Confuse                  Hex            #.......     100%        3    ####...
 Conjure Flame            Conj/Fire      #.......     100%        3    ####...
 Dazzling Spray           Conj/Hex       #.....       100%        3    ####...
 Mephitic Cloud           Conj/Pois/Air  #.......     100%        3    ####...
 Tukima's Dance           Hex            #.......     100%        3    ####...
 Blink                    Tloc           Unusable     N/A         2    N/A

Dungeon Overview and Level Annotations

Branches:
Dungeon (11/15)            Temple (0/1) D:4         Ossuary (visited)
   Lair: D:8-11         Orc: D:9-12

Altars:
Fedhas
Gozag
Makhleb
Nemelex Xobeh
Sif Muna
The Shining One

Shops:
D:4 =   D:6 [   D:8 :

Annotations:
D:11 Fannar


Innate Abilities, Weirdness & Mutations

You cannot be hasted, slowed, berserked, paralysed or teleported.
You can dig through walls and to a lower floor.
Your four strong arms can wield two-handed weapons with a shield.
You have a pair of large antennae on your head. (SInv)


Message History

* * * LOW HITPOINT WARNING * * *
Fannar is frozen.
Fannar resists.
It was a potion of ambrosia.
You are confused.
You feel invigorated.
Fannar hits you with an uncursed staff of cold.
* * * LOW HITPOINT WARNING * * *
Fannar freezes you!
* * * LOW HITPOINT WARNING * * *
It was a potion of heal wounds.
You feel much better.
Fannar hits you with an uncursed staff of cold.
Fannar freezes you!
* * * LOW HITPOINT WARNING * * *
Unknown command.
It was a potion of degeneration.
There was something very wrong with that liquid.
You feel weakened.
You feel dopey.
You feel clumsy.
Fannar points at you and mumbles some strange words.
The bolt of cold hits you!!!
You feel a terrible chill!
You die...

..........# ####.......
........... ..........
........... .........
....####### #........
....##############........
....รทรท....................
################.#########
##e# #@## ###


You could see Fannar.

Vanquished Creatures
  A two-headed ogre (D:9)
  A deep elf mage (D:10)
  2 gargoyles (D:10)
  Psyche (D:9)
  3 trolls
  4 hippogriffs
  A spriggan (D:9)
  4 yaks (D:10)
  A wyvern (D:9)
  A hungry ghost (D:11)
  Edmund (D:4)
  2 orc warriors
  2 ice beasts
  A black bear (D:8)
  4 sky beasts
  A necrophage (D:11)
  3 phantoms
  4 ogres
  2 crocodiles (D:9)
  6 centaurs
  8 bullfrogs
  2 water moccasin zombies
  2 wyvern skeletons
  3 scorpions
  3 wights (D:10)
  An electric eel (D:9)
  3 howler monkeys
  5 crimson imps
  2 centaur zombies
  A bullfrog zombie (D:9)
  2 human zombies (Ossuary)
  4 hounds
  2 jellies
  7 orc priests
  2 bullfrog skeletons (D:7)
  A gnoll shaman (D:5)
  Ijyb (D:4)
  3 centaur skeletons
  3 iguanas
  Natasha (thrice) (D:3)
  6 orc wizards
  8 worker ants
  A hound zombie (D:7)
  2 mummies (Ossuary)
  3 hound skeletons
  A worker ant zombie (D:7)
  9 gnolls
  20 adders
  4 shadow imps
  3 adder zombies (Ossuary)
  2 oozes
  An adder skeleton (D:4)
  4 worms
  2 dart slugs (D:2)
  5 leopard geckos
  41 orcs
  11 bats
  5 giant cockroaches
  6 goblins
  9 hobgoblins
  13 jackals
  7 kobolds
  4 quokkas
  3 ball pythons
  6 frilled lizards
  13 hobgoblin zombies (Ossuary)
  2 jackal zombies (Ossuary)
  8 kobold zombies (Ossuary)
  3 leopard gecko skeletons
  4 orc zombies (Ossuary)
  4 rats
  3 rat zombies (Ossuary)
316 creatures vanquished.

Notes
Turn   | Place    | Note
-------+----------+-------------------------------------------
     0 | D:1      | Arum the Formicid Fighter began the quest for the Orb.
     0 | D:1      | Reached XP level 1. HP: 18/18 MP: 1/1
    90 | D:1      | Reached XP level 2. HP: 20/24 MP: 2/2
   374 | D:1      | Reached XP level 3. HP: 30/30 MP: 3/3
   917 | D:2      | Reached skill level 4 in Fighting
   917 | D:2      | Reached XP level 4. HP: 37/37 MP: 4/4
  1205 | D:2      | Reached XP level 5. HP: 25/42 MP: 5/5
  1644 | D:2      | Reached skill level 5 in Shields
  2284 | D:3      | Reached XP level 6. HP: 49/49 MP: 6/6
  2360 | D:3      | Reached skill level 5 in Fighting
  3122 | D:3      | Found a blossoming altar of Fedhas.
  3147 | D:3      | Noticed Natasha
  3159 | D:3      | Killed Natasha
  3180 | D:3      | Noticed Natasha
  3189 | D:3      | Killed Natasha
  3367 | D:3      | Noticed Natasha
  3376 | D:3      | Killed Natasha
  3376 | D:3      | Reached XP level 7. HP: 38/56 MP: 7/7
  3519 | D:4      | Found a glowing golden altar of the Shining One.
  3522 | D:4      | Became a worshipper of the Shining One
  3638 | D:4      | Found a sand-covered staircase.
  3656 | Ossuary  | Entered an ossuary
  3675 | Ossuary  | Reached * piety under the Shining One
  3742 | Ossuary  | Reached ** piety under the Shining One
  3814 | Ossuary  | Reached *** piety under the Shining One
  3833 | Ossuary  | Reached skill level 6 in Fighting
  3939 | D:4      | Reached skill level 5 in Staves
  3943 | D:4      | Noticed Ijyb
  3946 | D:4      | Found a staircase to the Ecumenical Temple.
  3952 | D:4      | Killed Ijyb
  4031 | D:4      | You fall into a shaft and drop 1 floor!
  4031 | D:5      | Entered Level 5 of the Dungeon
  4046 | D:5      | Reached XP level 8. HP: 64/64 MP: 8/8
  5366 | D:4      | Found Ykoxerath's Jewellery Shoppe.
  5390 | D:4      | Got a faintly glowing chain mail
  5391 | D:4      | Identified the +8 chain mail "Zeethul" {rElec rPois rC-}
                  | (You found it on level 4 of the Dungeon)
  5468 | D:4      | Noticed Edmund
  5490 | D:4      | Killed Edmund
  5490 | D:4      | Reached skill level 7 in Fighting
  5495 | D:4      | Reached **** piety under the Shining One
  5757 | D:4      | Reached XP level 9. HP: 72/72 MP: 9/9
  5965 | D:6      | Found Kutocaeg's Armour Emporium.
  6208 | D:6      | Reached skill level 8 in Fighting
  6717 | D:6      | Found a shimmering blue altar of Sif Muna.
  7004 | D:7      | Reached XP level 10. HP: 82/82 MP: 10/10
  7075 | D:7      | Reached ***** piety under the Shining One
  7106 | D:7      | Reached skill level 9 in Fighting
  7282 | D:7      | Found a sparkling altar of Nemelex Xobeh.
  7305 | D:7      | Reached skill level 10 in Shields
  7469 | D:8      | Found Ankawka's Book Emporium.
  7637 | D:8      | Found an opulent altar of Gozag.
  7691 | D:8      | Found a burning altar of Makhleb.
  7763 | D:8      | Reached skill level 5 in Armour
  7895 | D:8      | Found the +2 cloak of the Thief {+Fog Slay-2 SInv Stlth+}
  8213 | D:9      | Noticed a two-headed ogre
  8227 | D:9      | Killed a two-headed ogre
  8227 | D:9      | Reached skill level 10 in Fighting
  8522 | D:9      | Reached XP level 11. HP: 79/91 MP: 11/11
  8703 | D:9      | Noticed Psyche
  8727 | D:9      | Killed Psyche
  9228 | D:10     | Entered Level 10 of the Dungeon
  9710 | D:10     | Reached skill level 11 in Fighting
  9753 | D:10     | Reached skill level 10 in Staves
  9907 | D:10     | Noticed a deep elf mage
  9910 | D:10     | Killed a deep elf mage
 10287 | D:11     | Noticed Fannar
 10352 | D:11     | HP: 1/92 [Fannar/uncursed staff of cold (10)]
 10354 | D:11     | Killed from afar by Fannar

Levels and vault maps discovered:
D:1:      dpeg_arrival_more_subterranean_lakeside_camping, layout_basic,
          chequers_decorated_corner, minmay_octomino_j4
D:2:      layout_basic, first_ration
D:3:      layout_basic, fedhas_altar_4, serial_forest,
          infiniplex_forest_zigzag_1, infiniplex_forest_lined_4_way,
          infiniplex_forest_corner_1, infiniplex_forest_corner_1,
          infiniplex_forest_lined_3, infiniplex_forest_clump_small,
          infiniplex_forest_straight_3, uniq_natasha
D:4:      layout_cave_pools, tso_oasis_becter, minmay_temple_entry_trees,
          serial_shops, nicolae_shop_crystal, nicolae_ossuary_entry_monument,
          uniq_edmund, uniq_ijyb
D:5:      layout_basic
D:6:      minmay_octagon_keep, layout_rooms, marbit_many_paths, serial_shops,
          nicolae_shop_trees
D:7:      layout_basic, nicolae_overflow_crystal_walls
D:8:      layout_rooms, kennysheep_mini, makhleb_heckhound_becter, serial_shops,
          shop
D:9:      layout_basic, grunt_pizzeria, uniq_psyche
D:10:     layout_basic
D:11:     layout_long_grid, erik_lair_orcish_takeover, uniq_nergalle,
          uniq_fannar

Skill      XL: |  1  2  3  4  5  6  7  8  9 10 11 |
---------------+----------------------------------+-----
Shields        | 4 5 6 8 9 10 | 10.0
Fighting       | 4 5 6 7 8 10 11 | 11.5
Staves         | 3 4 5 6 7 9 10 | 10.4
Armour         | 6 8 |  8.3

Action                   |  1- 3 |  4- 6 |  7- 9 | 10-12 || total
-------------------------+-------+-------+-------+-------++-------
Melee: Quarterstaff      |    75 |   224 |   509 |   545 ||  1353
Invok: Divine Shield     |       |       |       |     1 ||     1
 Abil: Dig               |       |       |     1 |     5 ||     6
  Use: Scroll            |       |       |     1 |     5 ||     6
       Potion            |       |       |       |     3 ||     3
  Eat: Chunk             |       |     8 |    13 |    11 ||    32
Armor: Scale mail        |    31 |   102 |   105 |       ||   238
       Chain mail        |       |       |   112 |   224 ||   336
Dodge: Dodged            |    17 |    75 |   111 |   112 ||   315
Block: Shield            |    33 |   106 |   250 |   259 ||   648

Table legend:
 A = Non-vault XP
 B = Vault XP
 C = Vault XP percentage of total XP
 D = Non-vault monster count
 E = Vault monster count
 F = Vault count percentage of total count
                 A         B        C        D         E       F
            +---------+---------+-------+---------+---------+-------
      Total |   12342 |    1877 |  13.2 |     254 |      62 |  19.6
            +---------+---------+-------+---------+---------+-------
        D:1 |      31 |       7 |  18.4 |      17 |       4 |  19.0
        D:2 |     198 |       0 |   0.0 |      37 |       0 |   0.0
        D:3 |     270 |      35 |  11.5 |      28 |       1 |   3.4
        D:4 |     449 |     202 |  31.0 |      31 |       2 |   6.1
        D:5 |     596 |       0 |   0.0 |      21 |       0 |   0.0
        D:6 |     462 |     716 |  60.8 |      11 |      14 |  56.0
        D:7 |    1192 |       0 |   0.0 |      24 |       0 |   0.0
        D:8 |    1582 |      42 |   2.6 |      27 |       1 |   3.6
        D:9 |    2712 |     654 |  19.4 |      20 |       2 |   9.1
       D:10 |    3737 |       0 |   0.0 |      32 |       0 |   0.0
       D:11 |    1113 |       0 |   0.0 |       6 |       0 |   0.0
    Ossuary |       0 |     221 | 100.0 |       0 |      38 | 100.0
            +---------+---------+-------+---------+---------+-------
